BLB
BATAVIA MUCKDOGS @ HARTFORD WHALERS
09/06/2059
 
TOP OF THE 1ST
Batavia Muckdogs batting - Pitching for Hartford Whalers : LHP Jamel Thomas
Pitching: LHP Jamel Thomas
Batting: LHB Donald Dworkin 0-0: Ball
1-0: Ground out 3-1 (Groundball, 34, EV 106.9 MPH)
Batting: RHB Robbie McGath 0-0: Foul Ball, location: 2F
0-1: Ball
1-1: Swinging Strike
1-2: Ball
2-2: Ball
3-2: Foul Ball, location: 2F
3-2: Base on Balls
Batting: RHB R.J. McCarthy 0-0: Ball
1-0: Ball
2-0: Ball
3-0: Base on Balls
Robbie McGath to second
Batting: RHB Wade Cummins 0-0: Ball
1-0: Ball
2-0: Foul Ball, location: 2F
2-1: Fly out, F7 (Flyball, 7S, EV 90.0 MPH)
Batting: LHB Edward Schachter 0-0: Swinging Strike
0-1: Called Strike
0-2: Ball
1-2: Fly out, F7 (Flyball, 78M, EV 76.9 MPH)
Top of the 1st over - 0 runs, 0 hits, 0 errors, 2 left on base; Batavia 0 - Hartford 0
BOTTOM OF THE 1ST
Hartford Whalers batting - Pitching for Batavia Muckdogs : RHP Heath Day
Pitching: RHP Heath Day
Batting: LHB Gene Grimes 0-0: Ball
1-0: Foul Ball, location: 2F
1-1: Foul Ball, location: 2F
1-2: Foul Ball, location: 2F
1-2: Strikes out swinging
Batting: RHB Zyaire Semijenov 0-0: Ball
1-0: Ball
2-0: Called Strike
2-1: Called Strike
2-2: Ball
3-2: Foul Ball, location: 2F
3-2: Foul Ball, location: 2F
3-2: Ground out 4-3 (Groundball, 4M, EV 110.0 MPH)
Batting: LHB Darrell Petty 0-0: Ball
1-0: Foul Ball, location: 2F
1-1: Swinging Strike
1-2: Foul Ball, location: 2F
1-2: Fly out, F4 (Popup, 4, EV 69.4 MPH)
Bottom of the 1st over - 0 runs, 0 hits, 0 errors, 0 left on base; Batavia 0 - Hartford 0
TOP OF THE 2ND
Batavia Muckdogs batting - Pitching for Hartford Whalers : LHP Jamel Thomas
Batting: RHB Colby Cooper 0-0: Foul Ball, location: 2F
0-1: Ball
1-1: Ball
2-1: Ball
3-1: Foul Ball, location: 2F
3-2: Fly out, F8 (Flyball, 8RXD, EV 95.0 MPH)
Batting: RHB Julius McCurdy 0-0: Ball
1-0: Ball
2-0: Called Strike
2-1: Ball
3-1: Foul Ball, location: 2F
3-2: Foul Ball, location: 2F
3-2: DOUBLE (Line Drive, 89XD, EV 103.8 MPH)
Batting: RHB Destin Fransen 0-0: SINGLE (Line Drive, 7S, EV 99.4 MPH)
Julius McCurdy to third
Runner from 3rd tries for Home, SAFE, throw by LF to home
Batting: RHB Tyson Velez 0-0: Ball
1-0: Foul Ball, location: 2F
1-1: Swinging Strike
1-2: Ball
2-2: Ball
Wild Pitch!
Destin Fransen to second
3-2: Foul Ball, location: 2F
3-2: Foul Ball, location: 2F
3-2: Strikes out looking
Batting: LHB Donald Dworkin 0-0: SINGLE (Line Drive, 78S, EV 95.0 MPH)
Destin Fransen to third
Runner from 3rd tries for Home, SAFE, throw by LF to home
Batting: RHB Robbie McGath 0-0: Fielders Choice at 2nd, 5-4 (Groundball, 56, EV 104.4 MPH)
Top of the 2nd over - 2 runs, 3 hits, 0 errors, 1 left on base; Batavia 2 - Hartford 0
BOTTOM OF THE 2ND
Hartford Whalers batting - Pitching for Batavia Muckdogs : RHP Heath Day
Batting: LHB Ian Schreiber 0-0: Ball
1-0: Ground out 4-3 (Groundball, 4MS, EV 90.0 MPH)
Batting: LHB Amric Robinson 0-0: Ball
1-0: Foul Ball, location: 2F
1-1: Swinging Strike
1-2: Foul Ball, location: 2F
1-2: Strikes out swinging
Batting: RHB Wyatt McKenney 0-0: Ball
1-0: Reached on error, E6 (Groundball, 6, EV 78.1 MPH)
Batting: LHB Houston Yap 0-0: Called Strike
0-1: Foul Ball, location: 2F
0-2: Ball
1-2: Ball
2-2: Foul Ball, location: 2F
2-2: Ball
3-2: Foul Ball, location: 2F
3-2: SINGLE (Flyball, 34D, EV 86.2 MPH)
Wyatt McKenney to third
Batting: RHB Reilly Wren 0-0: Ball
1-0: Ball
2-0: TRIPLE (Line Drive, 9LD, EV 107.5 MPH)
Wyatt McKenney scores
Houston Yap scores
Batting: LHB Edgerrin Aouita 0-0: Called Strike
0-1: Ground out 5-3 (Groundball, 56, EV 87.5 MPH)
Bottom of the 2nd over - 2 runs, 2 hits, 1 error, 1 left on base; Batavia 2 - Hartford 2
TOP OF THE 3RD
Batavia Muckdogs batting - Pitching for Hartford Whalers : LHP Jamel Thomas
Batting: RHB R.J. McCarthy 0-0: Swinging Strike
0-1: Ball
1-1: Ball
2-1: Foul Ball, location: 2F
2-2: Ball
3-2: Base on Balls
Batting: RHB Wade Cummins 0-0: Foul Ball, location: 2F
0-1: Ball
1-1: Foul Ball, location: 2F
1-2: Fly out, F3 (Popup, 3SF, EV 78.1 MPH)
Batting: LHB Edward Schachter 0-0: Fly out, F7 (Flyball, 7, EV 83.1 MPH)
Batting: RHB Colby Cooper 0-0: Ball
1-0: Foul Ball, location: 2F
1-1: Ball
2-1: Foul Ball, location: 2F
2-2: Strikes out swinging
Top of the 3rd over - 0 runs, 0 hits, 0 errors, 1 left on base; Batavia 2 - Hartford 2
BOTTOM OF THE 3RD
Hartford Whalers batting - Pitching for Batavia Muckdogs : RHP Heath Day
Batting: LHB Gene Grimes 0-0: Ground out 6-3 (Groundball, 6, EV 83.8 MPH)
Batting: RHB Zyaire Semijenov 0-0: Called Strike
0-1: SINGLE (Line Drive, 3D, EV 96.9 MPH)
Batting: LHB Darrell Petty 0-0: Called Strike
Zyaire Semijenov steals 2nd base
0-1: Called Strike
0-2: Ball
1-2: Foul Ball, location: 2F
1-2: Ball
2-2: Ground out 6-3 (Groundball, 6, EV 87.5 MPH)
Zyaire Semijenov to third
Batting: LHB Ian Schreiber 0-0: Foul Ball, location: 2F
0-1: Ball
Balk!
Zyaire Semijenov scores
1-1: Called Strike
1-2: Fly out, F9 (Flyball, 9LM, EV 111.2 MPH)
Bottom of the 3rd over - 1 run, 1 hit, 0 errors, 0 left on base; Batavia 2 - Hartford 3
TOP OF THE 4TH
Batavia Muckdogs batting - Pitching for Hartford Whalers : LHP Jamel Thomas
Batting: RHB Julius McCurdy 0-0: Ball
1-0: Called Strike
1-1: Foul Ball, location: 2F
1-2: Strikes out looking
Batting: RHB Destin Fransen 0-0: Called Strike
0-1: Ground out 4-3 (Groundball, 4M, EV 76.2 MPH)
Batting: RHB Tyson Velez 0-0: Ball
1-0: Ball
2-0: DOUBLE (Flyball, 89D, EV 96.9 MPH)
Batting: LHB Donald Dworkin 0-0: Called Strike
0-1: Ball
1-1: SINGLE (Groundball, 4D, EV 95.0 MPH)
Tyson Velez to third
Runner from 3rd tries for Home, SAFE, throw by RF to home
Batting: RHB Robbie McGath 0-0: Ball
1-0: Foul Ball, location: 2F
1-1: Ball
2-1: Called Strike
2-2: Foul Ball, location: 2F
2-2: Strikes out swinging
Top of the 4th over - 1 run, 2 hits, 0 errors, 1 left on base; Batavia 3 - Hartford 3
BOTTOM OF THE 4TH
Hartford Whalers batting - Pitching for Batavia Muckdogs : RHP Heath Day
Batting: LHB Amric Robinson 0-0: Foul Ball, location: 2F
0-1: Swinging Strike
0-2: Strikes out looking
Batting: RHB Wyatt McKenney 0-0: Fly out, F8 (Line Drive, 78M, EV 96.2 MPH)
Batting: LHB Houston Yap 0-0: Ball
1-0: Ball
2-0: Ground out 6-3 (Groundball, 6, EV 78.1 MPH)
Bottom of the 4th over - 0 runs, 0 hits, 0 errors, 0 left on base; Batavia 3 - Hartford 3
TOP OF THE 5TH
Batavia Muckdogs batting - Pitching for Hartford Whalers : LHP Jamel Thomas
Batting: RHB R.J. McCarthy 0-0: Ball
1-0: Ground out 6-3 (Groundball, 6, EV 84.4 MPH)
Batting: RHB Wade Cummins 0-0: Ball
1-0: Foul Ball, location: 2F
1-1: Ball
2-1: Ball
3-1: Swinging Strike
3-2: Base on Balls
Batting: LHB Edward Schachter 0-0: Fly out, F8 (Flyball, 8RS, EV 90.0 MPH)
Batting: RHB Colby Cooper 0-0: Called Strike
0-1: Fielders Choice at 2nd, 5-4 (Groundball, 56, EV 85.0 MPH)
Top of the 5th over - 0 runs, 0 hits, 0 errors, 1 left on base; Batavia 3 - Hartford 3
BOTTOM OF THE 5TH
Hartford Whalers batting - Pitching for Batavia Muckdogs : RHP Heath Day
Batting: RHB Reilly Wren 0-0: Called Strike
0-1: Ball
1-1: Ball
2-1: Ground out 5-3 (Groundball, 5, EV 82.5 MPH)
Batting: LHB Edgerrin Aouita 0-0: Ball
1-0: Foul Ball, location: 2F
1-1: Foul Ball, location: 2F
1-2: Ball
2-2: Foul Ball, location: 2F
2-2: Strikes out swinging
Batting: LHB Gene Grimes 0-0: Ball
1-0: Ground out 6-3 (Groundball, P, EV 87.5 MPH)
Bottom of the 5th over - 0 runs, 0 hits, 0 errors, 0 left on base; Batavia 3 - Hartford 3
TOP OF THE 6TH
Batavia Muckdogs batting - Pitching for Hartford Whalers : LHP Jamel Thomas
Batting: RHB Julius McCurdy 0-0: Called Strike
0-1: Ball
1-1: Swinging Strike
1-2: Foul Ball, location: 2F
1-2: Foul Ball, location: 2F
1-2: Strikes out swinging, 2-3 out at first.
Batting: RHB Destin Fransen 0-0: Ground out 4-3 (Groundball, 4, EV 80.6 MPH)
Batting: RHB Tyson Velez 0-0: Ball
1-0: Ground out 6-3 (Groundball, 6, EV 101.9 MPH)
Top of the 6th over - 0 runs, 0 hits, 0 errors, 0 left on base; Batavia 3 - Hartford 3
BOTTOM OF THE 6TH
Hartford Whalers batting - Pitching for Batavia Muckdogs : RHP Heath Day
Batting: RHB Zyaire Semijenov 0-0: Ball
1-0: Called Strike
1-1: Ground out 6-3 (Groundball, 56D, EV 102.5 MPH)
Batting: LHB Darrell Petty 0-0: Ball
1-0: Called Strike
1-1: Foul Ball, location: 2F
1-2: SINGLE (Groundball, 34D, EV 102.5 MPH)
Batting: LHB Ian Schreiber 0-0: Called Strike
0-1: Called Strike
0-2: Ball
1-2: Strikes out looking
Batting: LHB Amric Robinson 0-0: Called Strike
0-1: Ball
1-1: Called Strike
1-2: Ball
2-2: Ball
3-2: Foul Ball, location: 2F
3-2: Ground out 4-3 (Groundball, 4, EV 93.1 MPH)
Bottom of the 6th over - 0 runs, 1 hit, 0 errors, 1 left on base; Batavia 3 - Hartford 3
TOP OF THE 7TH
Batavia Muckdogs batting - Pitching for Hartford Whalers : LHP Jamel Thomas
Pitching: LHP Nathan Dorsey
Batting: LHB Donald Dworkin 0-0: Called Strike
0-1: Called Strike
0-2: Ball
1-2: Ground out U3 (Groundball, 34, EV 88.1 MPH)
Batting: RHB Robbie McGath 0-0: Ball
1-0: Ground out 6-3 (Groundball, 6S, EV 81.9 MPH)
Batting: RHB R.J. McCarthy 0-0: Called Strike
0-1: Foul Ball, location: 2F
0-2: Ball
1-2: Strikes out swinging
Top of the 7th over - 0 runs, 0 hits, 0 errors, 0 left on base; Batavia 3 - Hartford 3
BOTTOM OF THE 7TH
Hartford Whalers batting - Pitching for Batavia Muckdogs : RHP Heath Day
Batting: RHB Wyatt McKenney 0-0: Called Strike
0-1: SINGLE (Line Drive, 7LS, EV 99.4 MPH)
Batting: LHB Houston Yap 0-0: Foul Ball, location: 2F
0-1: Ball
1-1: Called Strike
1-2: Foul Ball, location: 2F
1-2: DOUBLE (Line Drive, 7LS, EV 95.6 MPH)
Wyatt McKenney to third
Runner from 3rd tries for Home, SAFE, throw by LF to home
Pitching: LHP Keaton Bice
Batting: RHB Reilly Wren 0-0: Ball
1-0: Called Strike
1-1: Swinging Strike
1-2: Foul Ball, location: 2F
1-2: Ball
2-2: Ball
3-2: Strikes out swinging
Batting: LHB Edgerrin Aouita 0-0: Swinging Strike
0-1: Ball
1-1: Swinging Strike
1-2: DOUBLE (Line Drive, 78D, EV 99.4 MPH)
Houston Yap scores
Batting: LHB Gene Grimes 0-0: Ball
1-0: Foul Ball, location: 2F
1-1: SINGLE (Line Drive, 9S, EV 101.9 MPH)
Edgerrin Aouita to third
Batting: RHB Zyaire Semijenov 0-0: Called Strike
0-1: Ball
1-1: Ball
2-1: Ball
3-1: SINGLE (Groundball, 34S, EV 65.6 MPH) (infield hit)
Gene Grimes to second
Batting: LHB Darrell Petty 0-0: Ball
1-0: Ball
2-0: Called Strike
2-1: Swinging Strike
2-2: Ball
3-2: Strikes out looking
Batting: LHB Ian Schreiber 0-0: Ground out 4-3 (Groundball, 4, EV 85.0 MPH)
Bottom of the 7th over - 2 runs, 5 hits, 0 errors, 3 left on base; Batavia 3 - Hartford 5
TOP OF THE 8TH
Batavia Muckdogs batting - Pitching for Hartford Whalers : LHP Nathan Dorsey
Batting: RHB Wade Cummins 0-0: Foul Ball, location: 2F
0-1: Ball
1-1: Foul Ball, location: 2F
1-2: Foul Ball, location: 2F
1-2: Ball
2-2: Strikes out swinging
Batting: RHB Tommy Tyrrell 0-0: Ball
1-0: Called Strike
1-1: Ball
2-1: Foul Ball, location: 2F
2-2: Foul Ball, location: 2F
2-2: Ball
3-2: Base on Balls
Batting: RHB Colby Cooper 0-0: Ball
1-0: Swinging Strike
1-1: Ball
2-1: Swinging Strike
2-2: Ball
3-2: Base on Balls
Tommy Tyrrell to second
Batting: RHB Julius McCurdy 0-0: Ball
1-0: Fly out, F8 (Flyball, 8RXD, EV 94.4 MPH)
Runner from 2nd tags up, SAFE at 3rd, no throw by CF
Batting: RHB Destin Fransen 0-0: SINGLE (Groundball, 34, EV 102.5 MPH)
Tommy Tyrrell scores
Colby Cooper to second
Runner from 2nd tries for 3rd, SAFE, throw by RF made to third
Batting: RHB Tyson Velez 0-0: Foul Ball, location: 2F
0-1: Ball
1-1: Ball
2-1: Swinging Strike
2-2: Ball
3-2: Foul Ball, location: 2F
3-2: Base on Balls
Destin Fransen to second
Batting: LHB Donald Dworkin 0-0: Called Strike
0-1: Ball
1-1: Ball
2-1: Ball
3-1: Called Strike
3-2: Ground out 6-3 (Groundball, 56, EV 91.9 MPH)
Top of the 8th over - 1 run, 1 hit, 0 errors, 3 left on base; Batavia 4 - Hartford 5
BOTTOM OF THE 8TH
Hartford Whalers batting - Pitching for Batavia Muckdogs : LHP Keaton Bice
Batting: LHB Amric Robinson 0-0: Ball
1-0: Called Strike
1-1: Swinging Strike
1-2: Strikes out swinging
Pitching: RHP Tim Stover
Batting: RHB Wyatt McKenney 0-0: Ball
1-0: Ball
2-0: Called Strike
2-1: SINGLE (Line Drive, 34D, EV 106.2 MPH)
Batting: LHB Houston Yap 0-0: Called Strike
0-1: Foul Ball, location: 2F
0-2: Strikes out swinging
Batting: RHB Reilly Wren 0-0: Ball
1-0: Swinging Strike
1-1: SINGLE (Line Drive, 8RS, EV 91.9 MPH)
Wyatt McKenney to second
Batting: LHB Edgerrin Aouita 0-0: Called Strike
0-1: Fielders Choice at 2nd, 6-4 (Groundball, 6, EV 86.2 MPH)
Bottom of the 8th over - 0 runs, 2 hits, 0 errors, 2 left on base; Batavia 4 - Hartford 5
TOP OF THE 9TH
Batavia Muckdogs batting - Pitching for Hartford Whalers : LHP Nathan Dorsey
Pitching: RHP Jamal Brown
Now at SS: Dave Babb
Pinch Hitting: LHB Carl Brinkley 0-0: Ball
1-0: Ball
2-0: Called Strike
2-1: Foul Ball, location: 2F
2-2: Strikes out swinging
Batting: RHB R.J. McCarthy 0-0: Foul Ball, location: 2F
0-1: Ball
1-1: Ball
2-1: Ball
3-1: Base on Balls
Batting: RHB Wade Cummins 0-0: Ball
1-0: Called Strike
1-1: Called Strike
1-2: Foul Ball, location: 2F
1-2: Strikes out looking
Batting: LHB Stefan Ciolino 0-0: Swinging Strike
0-1: Foul Ball, location: 2F
0-2: Ball
1-2: Foul Ball, location: 2F
1-2: Foul Ball, location: 2F
1-2: Ball
2-2: Foul Ball, location: 2F
2-2: Strikes out swinging
Top of the 9th over - 0 runs, 0 hits, 0 errors, 1 left on base; Batavia 4 - Hartford 5
Friday, March 29th , 2024 - OOTP Baseball 23.10 Build 110